Map: Blueshift LE

Players

Future - Winner!

  • Race: Terran Terran
  • League: Grandmaster
  • Spawn Location: 7:00

SpeCial

  • Race: Terran Terran
  • Spawn Location: 1:00

Event: Cheeseadelphia 8

VOD

Have the link to the VOD?

Description

Time

  • Played on: Dec. 9, 2018, 4:52 p.m.
  • Length: 8:33

All games in this series

Show
View Real Time Build Order
Export as new Build Order

Future Terran - Winner!

Build Orders:  

Get SALT Encoding   

  12  0:00  SCV  
  13  0:15  Supply Depot  
  13  0:41  Barracks  
  13  0:44  Barracks  
  13  0:51  Refinery  
  13  0:58  Refinery  
  13  1:04  SCV  
  14  1:16  SCV  
  15  1:29  Reaper  
  15  1:31  SCV  
  17  1:38  Reaper  
  18  1:49  Bunker  
  17  2:01  Reaper  
  18  2:10  Reaper  
  18  2:23  Orbital Command  
  18  2:33  Reaper  
  19  2:45  Factory  
  19  2:53  Reaper  
  19  2:54  SCV  
  21  3:03  Supply Depot  
  21  3:06  Reaper, SCV  
  23  3:21  SCV  
  23  3:25  Reaper  
  20  3:30  Factory Tech Lab  
  20  3:33  SCV  
  21  3:38  Reaper  
  22  3:42  Supply Depot  
  22  3:45  SCV  
  22  3:55  Cyclone  
  24  4:04  Reaper, SCV  
  25  4:11  Reaper  
  25  4:16  SCV  
  27  4:21  Command Center  
  25  4:33  SCV  
  27  4:50  SCV  
  25  5:00  Cyclone  
  25  5:02  SCV  
  28  5:09  Mag-Field Accelerator  
  28  5:16  SCV  
  26  5:29  SCV  
  26  5:32  Cyclone  
  26  5:33  Orbital Command  
  30  5:41  SCV  
  31  5:49  Refinery, Starport  
  31  5:53  SCV  
  32  6:01  SCV  
  33  6:04  Cyclone  
  33  6:05  SCV  
  37  6:13  SCV  
  37  6:17  SCV  
  39  6:23  Supply Depot  
  39  6:26  SCV  
  39  6:29  SCV  
  41  6:38  SCV, Barracks Reactor  
  42  6:41  SCV  
  42  6:43  Factory Tech Lab, Raven  
  42  6:50  SCV  
  42  6:53  SCV  
  44  6:57  Command Center  
  44  7:00  Refinery  
  44  7:02  SCV  
  44  7:05  SCV, Siege Tank  
  49  7:14  Marine x2, SCV  
  52  7:17  SCV  
  53  7:25  Supply Depot  
  53  7:26  SCV  
  53  7:27  Raven  
  57  7:30  SCV  
  57  7:34  Marine x2  
  57  7:35  Supply Depot  
  59  7:37  Siege Tank  
  62  7:46  SCV x2  
  62  7:47  Supply Depot  
  60  7:56  Marine  
  60  7:58  Marine, SCV x2  
  49  8:10  SCV  
  49  8:14  Marine  
  49  8:17  SCV  
Show
View Real Time Build Order
Export as new Build Order

SpeCial Terran 

Build Orders: 1/1/1, Liberator Opening 

Get SALT Encoding   

  12  0:00  SCV  
  13  0:12  SCV  
  14  0:17  Supply Depot  
  14  0:24  SCV  
  14  0:27  Refinery  
  15  0:38  SCV  
  16  0:44  Barracks  
  16  0:50  SCV  
  17  1:02  SCV  
  18  1:14  SCV  
  19  1:31  Marine, Orbital Command  
  20  1:33  Factory  
  20  1:36  Supply Depot  
  20  1:45  Refinery  
  20  1:49  Marine  
  21  1:57  SCV  
  22  2:07  Marine  
  23  2:09  SCV  
  24  2:18  Hellion  
  24  2:21  Starport  
  24  2:22  SCV  
  25  2:26  Marine  
  26  2:34  SCV  
  26  2:39  Hellion  
  26  2:58  Marine  
  25  3:01  Hellion  
  24  3:07  SCV  
  22  3:18  Marine  
  15  3:21  Liberator  
  15  3:22  Hellion  
  17  3:44  SCV  
  16  3:55  Marine  
  16  3:56  SCV  
  18  4:04  Hellion  
  18  4:08  SCV  
  21  4:21  SCV  
  21  4:23  Marine  
  23  4:31  Hellion  
  23  4:33  SCV  
  21  4:42  Marine  
  21  4:45  SCV  
  23  4:52  Hellion  
  25  4:58  SCV  
  26  5:05  Marine  
  27  5:11  SCV  
  26  5:17  Hellion  
  26  5:22  Starport Tech Lab  
  26  5:23  SCV  
  26  5:25  Barracks Reactor  
  27  5:30  Supply Depot  
  27  5:36  SCV  
  28  5:49  SCV  
  29  6:02  Marine x2  
  29  6:03  Factory Tech Lab  
  31  6:05  SCV  
  31  6:10  Supply Depot  
  32  6:14  Liberator  
  33  6:21  Marine x2  
  33  6:24  Siege Tank  
  37  6:26  SCV  
  39  6:33  Supply Depot  
  39  6:40  Marine x2  
  39  6:42  SCV  
  42  6:54  SCV  
  42  6:56  Siege Tank  
  42  6:58  Liberator  
  46  7:02  Marine x2  
  46  7:07  Supply Depot  
  46  7:08  SCV  
  47  7:20  Marine  
  47  7:21  Marine  
  52  7:39  Siege Tank  
  55  7:44  Marine  
  55  7:47  Marine  
  57  7:51  SCV  
  48  8:02  Marine  
  48  8:04  Marine  
Tags
 
Add a new tag
Caveats
  • Supply blocks, unpowered buildings, or Contaminate may cause inaccurate times.
  • Supply counts are checked every 10 seconds.